Map: Prion Terraces

Players

Sziky

  • Race: Zerg Zerg
  • League: Grandmaster

Miszu - Winner!

  • Race: Terran Terran
  • League: Grandmaster

VOD

Have the link to the VOD?

Description

Time

  • Played on: Feb. 13, 2016, 4:58 p.m.
  • Length: 12:38
Show
View Real Time Build Order
Export as new Build Order

Sziky Zerg 

Build Orders: Hatch First, Ravager All-In 

Get SALT Encoding   

  12  0:02  Drone  
  13  0:12  Overlord  
  13  0:17  Drone  
  14  0:31  Drone x2  
  14  0:35  Drone  
  17  0:53  Hatchery  
  17  0:55  Drone  
  17  0:59  Drone  
  18  1:15  Spawning Pool  
  17  1:19  Extractor  
  17  1:20  Drone  
  17  1:22  Drone  
  18  1:31  Overlord  
  18  1:43  Drone  
  19  2:04  Queen  
  19  2:05  Roach Warren, Zergling x4  
  22  2:15  Queen  
  22  2:21  Drone  
  26  2:22  Drone  
  26  2:27  Drone  
  26  2:29  Drone  
  28  2:35  Overlord  
  28  2:46  Roach x2  
  28  2:49  Roach  
  34  2:51  Roach  
  34  2:57  Roach  
  36  3:00  Roach  
  36  3:04  Roach  
  40  3:12  Drone  
  40  3:13  Drone  
  40  3:15  Drone x2  
  40  3:17  Drone  
  44  3:21  Overlord  
  44  3:30  Extractor  
  43  3:35  Ravager  
  43  3:36  Overlord  
  44  3:41  Drone x2  
  44  3:42  Drone  
  44  3:44  Drone  
  44  3:47  Drone x3  
  51  3:49  Ravager  
  51  3:50  Overlord  
  51  3:55  Overlord  
  52  4:00  Roach  
  54  4:06  Extractor  
  54  4:07  Extractor  
  54  4:09  Overlord  
  52  4:12  Ravager  
  52  4:13  Drone x3  
  56  4:24  Drone  
  56  4:30  Lair  
  57  4:38  Drone x3  
  60  4:39  Drone  
  60  4:40  Drone x2  
  63  4:49  Ravager  
  63  4:50  Ravager  
  63  4:51  Drone x2  
  67  4:58  Hatchery  
  66  5:01  Roach  
  66  5:02  Roach x2  
  66  5:03  Roach  
  74  5:10  Queen  
  76  5:15  Roach x2  
  76  5:16  Roach  
  76  5:19  Overlord  
  76  5:20  Overlord  
  82  5:27  Glial Reconstitution  
  82  5:30  Roach  
  84  5:36  Overlord x2  
  84  5:41  Roach x2  
  88  5:43  Roach  
  88  5:48  Roach x2  
  96  5:50  Roach  
  96  5:52  Roach  
  96  5:56  Roach x2  
  102  6:00  Roach  
  102  6:03  Roach  
  106  6:06  Roach x2  
  106  6:08  Overseer  
  110  6:19  Roach x3  
  110  6:20  Roach x2  
  110  6:25  Ravager x2  
  122  6:30  Overlord  
  122  6:35  Overlord  
  122  6:36  Overlord  
  122  6:41  Evolution Chamber  
  122  6:42  Evolution Chamber  
  122  6:43  Overlord  
  120  6:49  Overlord  
  120  6:50  Overlord  
  120  6:54  Roach x2  
  120  6:55  Roach  
  120  6:56  Roach  
  120  7:00  Roach  
  130  7:04  Roach x2  
  123  7:10  Roach  
  123  7:14  Roach  
  112  7:18  Roach  
  98  7:23  Roach  
  98  7:28  Roach  
  65  7:38  Roach x2  
  65  7:39  Roach  
  65  7:44  Roach  
  65  7:52  Roach  
  65  7:55  Ravager  
  65  7:56  Ravager x3  
  61  8:02  Roach  
  61  8:05  Roach  
  64  8:14  Roach  
  64  8:19  Roach  
  66  8:22  Roach  
  68  8:33  Roach  
  68  8:49  Roach  
  68  8:56  Roach  
  68  9:03  Roach  
  68  9:04  Roach  
  68  9:09  Roach  
  42  9:18  Roach  
  42  9:19  Drone  
  42  9:22  Drone  
  34  9:24  Drone  
  34  9:27  Drone  
  36  9:33  Ravager x2  
  38  9:46  Drone x2  
  38  9:48  Drone  
  38  9:50  Drone  
  42  9:57  Roach, Drone  
  42  9:59  Roach  
  47  10:06  Roach x2  
  51  10:09  Roach  
  51  10:13  Roach  
  55  10:16  Roach  
  57  10:21  Ravager  
  57  10:22  Ravager x2  
  57  10:24  Roach  
  57  10:25  Roach  
  64  10:32  Roach x2  
  68  10:37  Roach  
  68  10:38  Roach  
  68  10:41  Roach  
  74  10:44  Roach  
  76  10:51  Roach  
  76  10:53  Drone  
  79  11:08  Roach  
  79  11:11  Hatchery  
  78  11:12  Drone x4  
  82  11:18  Extractor  
  82  11:19  Queen  
  82  11:20  Extractor  
  82  11:25  Roach x2  
  86  11:29  Roach  
  88  11:35  Roach  
  94  11:40  Roach x2  
  94  11:44  Roach  
  96  11:50  Roach  
  96  11:54  Roach x2  
  96  11:58  Roach  
  82  12:01  Roach  
  82  12:07  Roach  
  86  12:10  Roach  
  86  12:15  Roach  
Show
View Real Time Build Order
Export as new Build Order

Miszu Terran - Winner!

Build Orders: MMM Bio 

Get SALT Encoding   

  12  0:01  SCV  
  13  0:14  SCV  
  13  0:18  Supply Depot  
  14  0:27  SCV  
  15  0:31  Refinery  
  15  0:40  SCV  
  16  0:44  Barracks  
  16  0:53  SCV  
  17  1:02  Barracks  
  17  1:06  SCV  
  18  1:18  SCV  
  19  1:33  Orbital Command  
  19  1:35  Reaper  
  20  1:49  Supply Depot, Reaper  
  21  1:58  SCV  
  22  2:07  Reaper  
  23  2:13  SCV  
  24  2:17  Command Center  
  24  2:23  Reaper  
  24  2:25  SCV  
  26  2:38  SCV  
  27  3:00  SCV  
  27  3:02  Command Center  
  27  3:03  Refinery  
  28  3:06  Reaper  
  28  3:07  Reaper  
  28  3:12  SCV  
  31  3:28  SCV  
  31  3:32  Barracks  
  33  3:35  Orbital Command  
  33  3:39  Barracks Reactor, Barracks Tech Lab  
  33  3:41  SCV  
  33  3:53  SCV  
  34  4:04  SCV  
  34  4:05  SCV  
  34  4:09  Marine  
  37  4:11  Factory  
  37  4:14  Orbital Command  
  37  4:16  SCV  
  38  4:17  SCV  
  38  4:19  Marine x2, Stimpack  
  38  4:20  Marine  
  42  4:27  Marine  
  42  4:28  SCV  
  42  4:29  SCV  
  44  4:36  Marine  
  44  4:37  Marine  
  44  4:38  Marine  
  47  4:39  Bunker  
  47  4:40  SCV  
  47  4:41  SCV  
  47  4:44  Marine  
  50  4:46  Engineering Bay  
  50  4:47  Engineering Bay  
  50  4:52  SCV  
  51  4:53  SCV x2  
  51  4:54  Marine x2  
  51  4:59  Refinery, Marine  
  55  5:00  Refinery  
  55  5:02  Factory Reactor  
  55  5:03  Starport  
  55  5:04  SCV  
  55  5:05  SCV, Orbital Command  
  58  5:12  Marine x2  
  61  5:15  Terran Infantry Armor Level 1, Barracks  
  61  5:16  Barracks  
  61  5:17  Terran Infantry Weapons Level 1  
  61  5:20  Marine  
  61  5:26  Supply Depot  
  61  5:28  SCV x2  
  61  5:30  Supply Depot  
  61  5:34  Marine x2  
  66  5:42  Barracks Reactor  
  66  5:45  Barracks Tech Lab  
  66  5:47  Factory Tech Lab  
  65  5:50  SCV x2  
  65  5:51  Medivac x2  
  65  5:53  Marine  
  65  5:54  Marine, Marauder  
  75  5:57  SCV  
  75  6:02  Supply Depot, SCV  
  76  6:09  Siege Tank  
  81  6:11  Marine  
  81  6:12  Combat Shields  
  81  6:14  Barracks Tech Lab  
  81  6:15  Barracks Tech Lab  
  81  6:16  SCV x2  
  82  6:21  SCV  
  82  6:25  Supply Depot  
  83  6:28  SCV  
  84  6:37  SCV x2  
  86  6:40  Marine x2, SCV  
  86  6:41  Marine  
  86  6:42  Siege Tank, Armory  
  97  6:47  Marauder x2  
  97  6:49  SCV x2  
  97  6:50  Marauder  
  75  7:22  Marine  
  61  7:23  Marine, Marauder  
  61  7:24  Marauder  
  61  7:25  Marauder  
  61  7:26  Marauder  
  39  7:40  Marine  
  39  7:41  Marine  
  38  7:44  Marauder, SCV  
  38  7:45  Marine  
  38  7:47  Marauder  
  38  7:48  Marauder  
  44  7:56  SCV x2  
  44  7:58  Marine x2  
  43  8:01  Siege Tank  
  43  8:05  Marine  
  49  8:07  Medivac  
  49  8:08  SCV  
  52  8:18  Marine x3, Marauder  
  57  8:21  SCV  
  57  8:24  SCV  
  57  8:25  Marine  
  60  8:30  Orbital Command  
  60  8:36  Marauder  
  61  8:42  Marauder  
  61  8:54  Marauder  
  51  9:06  Marine  
  51  9:07  Marine x3, Marauder, Orbital Command  
  54  9:15  Marine  
  49  9:22  Orbital Command  
  49  9:24  Marine x2  
  49  9:25  Marine  
  49  9:29  SCV  
  52  9:36  Marine  
  54  9:46  SCV x2  
  54  9:48  SCV  
  57  9:55  Medivac  
  57  9:56  Medivac  
  57  9:58  SCV  
  61  10:25  Supply Depot x3  
  61  10:26  Supply Depot  
  61  10:30  Supply Depot  
  61  10:31  Supply Depot x2  
  61  10:46  Marine x6, SCV x2  
  61  10:47  SCV  
  70  10:58  SCV x2  
  70  10:59  SCV  
  70  11:04  Marine x2, Marauder  
  73  11:10  SCV  
  73  11:11  SCV x2  
  80  11:23  SCV  
  80  11:24  Marine  
  82  11:28  SCV  
  83  11:33  SCV  
  84  11:44  SCV  
  84  11:45  SCV  
  74  12:02  Marine, Marauder  
  74  12:03  Medivac, Siege Tank  
  74  12:04  Marine x2, Medivac, Marauder  
  74  12:05  Marauder  
  74  12:06  SCV x3  
  93  12:18  SCV  
  93  12:19  Marine  
Tags
 
Add a new tag
Caveats
  • Supply blocks, unpowered buildings, or Contaminate may cause inaccurate times.
  • Supply counts are checked every 10 seconds.